[Event "ONJK-C 2019"]
[Site "Borne"]
[Date "2019.08.09"]
[Round "8.1"]
[White "Nielsen, Philip"]
[Black "De Rycke, Tyani"]
[Result "0-1"]
[ECO "D02"]
[WhiteElo "1797"]
[BlackElo "1787"]
[Annotator "NA"]
[PlyCount "36"]
[EventDate "2019.08.05"]
[EventType "swiss"]
[EventCountry "NED"]
[SourceTitle "playchess.com"]
[Source "ChessBase"]
[SourceQuality "1"]
[TimeControl "5400+30"]

1. d4 d5 2. Bf4 e6 3. e3 Nf6 4. Nf3 Be7 5. Bd3 O-O 6. h3 b6 7. Nbd2 Bb7 8. Qe2 c5 9. c3 Nc6 10. O-O c4 11. Bc2 b5 12. b3 Bd6 13. Bxd6 Qxd6 14. Rab1 Rab8 15. Rb2 a5 16. Rfb1 Ba6 17. Qd1 b4 18. cxb4 c3 0-1

[Event "ONJK-C 2019"]
[Site "Borne"]
[Date "2019.08.09"]
[Round "8.2"]
[White "Dhaenens, Leon"]
[Black "Klugstedt, Vincent"]
[Result "0-1"]
[ECO "A36"]
[WhiteElo "1583"]
[BlackElo "1834"]
[Annotator "NA"]
[PlyCount "98"]
[EventDate "2019.08.05"]
[EventType "swiss"]
[EventCountry "NED"]
[SourceTitle "playchess.com"]
[Source "ChessBase"]
[SourceQuality "1"]
[TimeControl "5400+30"]

1. c4 c5 2. g3 Nc6 3. Bg2 g6 4. Nc3 Bg7 5. a3 Nf6 6. e3 O-O 7. Rb1 d6 8. Nge2 Bf5 9. d3 Ne5 10. e4 Bg4 11. O-O Qd7 12. f4 Nc6 13. Qc2 Rab8 14. b4 b6 15. Be3 Rfd8 16. Kh1 Bh3 17. Qd2 Bxg2+ 18. Kxg2 e6 19. f5 Ng4 20. Bg5 Rf8 21. f6 Bh8 22. h3 Nge5 23. b5 Nd4 24. Rbd1 Nxe2 25. Nxe2 d5 26. Qf4 Qd6 27. Qh4 Nd7 28. Qh6 e5 29. exd5 Nxf6 30. Qh4 Nxd5 31. cxd5 Qxd5+ 32. Qe4 Qe6 33. Qc4 Qd7 34. Nc3 Rbe8 35. Ne4 Re6 36. Bf6 Qb7 37. Kh2 h6 38. Bxh8 Kxh8 39. Rf6 Rxf6 40. Nxf6 Qf3 41. Qc1 Qxf6 42. Qxh6+ Kg8 43. Qe3 Rd8 44. Re1 Rd4 45. Rc1 Qf5 46. Rc3 e4 47. dxe4 Qxe4 48. Qf2 Rd1 49. Rf3 Re1 0-1

[Event "ONJK-C 2019"]
[Site "Borne"]
[Date "2019.08.09"]
[Round "8.3"]
[White "Kumar, Prajit Sai"]
[Black "Neisingh, Nils"]
[Result "0-1"]
[ECO "A75"]
[WhiteElo "1574"]
[BlackElo "1710"]
[Annotator "NA"]
[PlyCount "56"]
[EventDate "2019.08.05"]
[EventType "swiss"]
[EventCountry "NED"]
[SourceTitle "playchess.com"]
[Source "ChessBase"]
[SourceQuality "1"]
[TimeControl "5400+30"]

1. d4 Nf6 2. c4 c5 3. d5 e6 4. Nc3 exd5 5. cxd5 d6 6. e4 g6 7. Nf3 Bg7 8. Be2 O-O 9. O-O a6 10. a4 Re8 11. Qc2 Qc7 12. Bf4 Bg4 13. h3 Bxf3 14. Bxf3 Nbd7 15. Rfe1 Ne5 16. Bxe5 Rxe5 17. Re3 Rae8 18. Rae1 Qa5 19. Be2 Bh6 20. Rd3 Nxe4 21. Kf1 Nxc3 22. bxc3 Re4 23. c4 Qb4 24. Rdd1 Bg7 25. f3 R4e7 26. Rb1 Qc3 27. Rec1 Qe3 28. Bd3 Bd4 0-1

[Event "ONJK-C 2019"]
[Site "Borne"]
[Date "2019.08.09"]
[Round "8.4"]
[White "De Vries, Fabian"]
[Black "Smeets, Kobe"]
[Result "1/2-1/2"]
[ECO "C02"]
[WhiteElo "1704"]
[BlackElo "1530"]
[Annotator "NA"]
[PlyCount "68"]
[EventDate "2019.08.05"]
[EventType "swiss"]
[EventCountry "NED"]
[SourceTitle "playchess.com"]
[Source "ChessBase"]
[SourceQuality "1"]
[TimeControl "5400+30"]

1. e4 c5 2. c3 e6 3. d4 cxd4 4. cxd4 d5 5. e5 Nc6 6. Nf3 Nge7 7. Bd3 Bd7 8. O-O Qb6 9. Bc2 Ng6 10. a3 Be7 11. b4 O-O 12. Qd3 Rfc8 13. Bd2 Nxb4 14. Bxb4 Bxb4 15. axb4 Bb5 16. Qd2 Bxf1 17. Kxf1 Rc4 18. b5 Rac8 19. Bd3 Rc1+ 20. Ke2 R1c7 21. h4 f5 22. exf6 gxf6 23. h5 Nf8 24. g4 Rg7 25. Qf4 Nd7 26. Kf1 e5 27. dxe5 fxe5 28. Nxe5 Qd6 29. h6 Qxe5 30. Qxe5 Nxe5 31. hxg7 Nxd3 32. Ke2 Nc1+ 33. Ke3 d4+ 34. Ke4 Re8+ 1/2-1/2

[Event "ONJK-C 2019"]
[Site "Borne"]
[Date "2019.08.09"]
[Round "8.5"]
[White "De Rooij, Kevin"]
[Black "Den Heijer, Rolinde"]
[Result "1-0"]
[ECO "E12"]
[WhiteElo "1465"]
[BlackElo "1471"]
[Annotator "NA"]
[PlyCount "105"]
[EventDate "2019.08.05"]
[EventType "swiss"]
[EventCountry "NED"]
[SourceTitle "playchess.com"]
[Source "ChessBase"]
[SourceQuality "1"]
[TimeControl "5400+30"]

1. d4 Nf6 2. c4 e6 3. Nc3 b6 4. Nf3 Bb7 5. Bg5 Be7 6. e3 O-O 7. Bd3 h6 8. Bh4 d6 9. b4 a6 10. Rb1 Nbd7 11. O-O Rb8 12. Bg3 Rc8 13. b5 c6 14. a4 Nh5 15. Re1 Nxg3 16. hxg3 Bf6 17. Qd2 e5 18. Bf5 Ra8 19. Bxd7 exd4 20. Nxd4 Qxd7 21. bxc6 Bxc6 22. Rxb6 Bxa4 23. Ra1 Bxd4 24. Qxd4 Bc6 25. Raxa6 Rxa6 26. Rxa6 Qb7 27. Rb6 Qa8 28. Nd5 Bb7 29. Rxd6 Kh7 30. Rd7 Qa6 31. Kh2 Bc8 32. Ra7 Qc6 33. Ne7 Qe6 34. Nxc8 Rxc8 35. Qd5 Rxc4 36. Qd3+ g6 37. Ra8 Rc8 38. Rxc8 Qxc8 39. Qd5 Kg7 40. Qe5+ Kh7 41. Qf6 Qd7 42. e4 Kg8 43. f4 Kh7 44. f5 gxf5 45. Qxf5+ Qxf5 46. exf5 Kg7 47. g4 Kf6 48. Kh3 Kg5 49. Kg3 f6 50. Kf3 Kh4 51. Kf4 h5 52. g3+ Kh3 53. gxh5 1-0

[Event "ONJK-C 2019"]
[Site "Borne"]
[Date "2019.08.09"]
[Round "8.6"]
[White "Groen, Jari"]
[Black "De Jong, Mats"]
[Result "1/2-1/2"]
[ECO "C45"]
[WhiteElo "1349"]
[BlackElo "1356"]
[Annotator "NA"]
[PlyCount "67"]
[EventDate "2019.08.05"]
[EventType "swiss"]
[EventCountry "NED"]
[SourceTitle "playchess.com"]
[Source "ChessBase"]
[SourceQuality "1"]
[TimeControl "5400+30"]

1. e4 e5 2. Nf3 Nc6 3. d4 exd4 4. Nxd4 Bc5 5. Be3 Qf6 6. c3 Nge7 7. Bc4 O-O 8. O-O Bxd4 9. Bxd4 Nxd4 10. Qxd4 Qg6 11. Nd2 d6 12. f4 Nc6 13. Qe3 Qf6 14. Rae1 Be6 15. Rf3 Na5 16. Bd3 Nc6 17. e5 dxe5 18. fxe5 Qe7 19. Rg3 Kh8 20. Qe4 g6 21. Qf4 Rae8 22. Rge3 Qc5 23. Ne4 Qxe5 24. Qh6 Qg7 25. Qxg7+ Kxg7 26. Nc5 b6 27. Nxe6+ Rxe6 28. Rxe6 fxe6 29. Rxe6 Rf6 30. Re2 Nd8 31. Bc4 Kf8 32. Rd2 Ke7 33. g3 Nf7 34. Bxf7 1/2-1/2

[Event "ONJK-C 2019"]
[Site "Borne"]
[Date "2019.08.09"]
[Round "8.7"]
[White "Goudriaan, Rafael"]
[Black "Malfliet, Alexander"]
[Result "0-1"]
[ECO "D00"]
[WhiteElo "1719"]
[BlackElo "1491"]
[Annotator "NA"]
[PlyCount "72"]
[EventDate "2019.08.05"]
[EventType "swiss"]
[EventCountry "NED"]
[SourceTitle "playchess.com"]
[Source "ChessBase"]
[SourceQuality "1"]
[TimeControl "5400+30"]

1. d4 d5 2. e4 dxe4 3. Nc3 Nf6 4. f3 exf3 5. Qxf3 e6 6. Be3 Nc6 7. O-O-O Bb4 8. d5 Ne5 9. Qg3 Bxc3 10. bxc3 Ng6 11. dxe6 Qe7 12. exf7+ Kxf7 13. Bc4+ Be6 14. Bxe6+ Kxe6 15. Ne2 Rhd8 16. Nd4+ Kf7 17. h4 Qa3+ 18. Kb1 Nd5 19. Rhf1+ Kg8 20. Nb5 Qa5 21. Rxd5 Rxd5 22. Nxc7 Rad8 23. Bd4 Rb5+ 24. Ka1 Rh5 25. Ne6 Qa6 26. Re1 Ra5 27. c4 Rd6 28. Qc3 Rxa2+ 29. Kb1 Ra3 30. Qb2 Qa5 31. Re2 Ra6 32. Ng5 Qd8 33. Qxb7 Ra1+ 34. Bxa1 Qd1+ 35. Kb2 Qxa1+ 36. Kb3 Qa3# 0-1

[Event "ONJK-C 2019"]
[Site "Borne"]
[Date "2019.08.09"]
[Round "8.8"]
[White "Arnold, Lorin"]
[Black "Tiggelman, Vincent"]
[Result "1-0"]
[ECO "D00"]
[WhiteElo "1583"]
[BlackElo "1358"]
[Annotator "NA"]
[PlyCount "85"]
[EventDate "2019.08.05"]
[EventType "swiss"]
[EventCountry "NED"]
[SourceTitle "playchess.com"]
[Source "ChessBase"]
[SourceQuality "1"]
[TimeControl "5400+30"]

1. d4 c6 2. e3 d5 3. f4 Nf6 4. Nf3 Bg4 5. Bd3 e6 6. O-O Nbd7 7. Nbd2 Be7 8. Qe1 Bxf3 9. Nxf3 Qc7 10. Ne5 Nxe5 11. fxe5 Nd7 12. a4 f6 13. Qg3 g6 14. exf6 Qxg3 15. f7+ Kf8 16. hxg3 Nf6 17. e4 h5 18. e5 Ne4 19. Bxe4 dxe4 20. b3 Rd8 21. c3 Rh7 22. Ba3 Bxa3 23. Rxa3 Rxf7 24. Raa1 Rdd7 25. Rxf7+ Rxf7 26. Rf1 Rxf1+ 27. Kxf1 g5 28. Ke2 Ke7 29. Ke3 Kd7 30. Kxe4 Kc7 31. c4 b5 32. axb5 cxb5 33. d5 bxc4 34. d6+ Kc6 35. bxc4 a6 36. Kd4 Kb6 37. c5+ Kc6 38. Kc4 Kb7 39. Kb4 Kc6 40. Ka5 Kb7 41. Ka4 Kc6 42. Kb4 Kb7 43. Ka5 1-0

[Event "ONJK-C 2019"]
[Site "Borne"]
[Date "2019.08.09"]
[Round "8.9"]
[White "Wierenga, Jael"]
[Black "Boeren, Jurriaan"]
[Result "1-0"]
[ECO "A52"]
[WhiteElo "1469"]
[BlackElo "1522"]
[Annotator "NA"]
[PlyCount "105"]
[EventDate "2019.08.05"]
[EventType "swiss"]
[EventCountry "NED"]
[SourceTitle "playchess.com"]
[Source "ChessBase"]
[SourceQuality "1"]
[TimeControl "5400+30"]

1. d4 Nf6 2. c4 e5 3. dxe5 Ng4 4. Bf4 Nc6 5. Nf3 Bb4+ 6. Nbd2 Qe7 7. e3 Ngxe5 8. Be2 d6 9. O-O Bf5 10. a3 Ba5 11. b4 Bb6 12. Nxe5 Nxe5 13. Nf3 O-O 14. Nd4 Bg6 15. Nf3 Rfd8 16. Qb3 c6 17. Rac1 a5 18. Rfd1 Bc7 19. Bg3 f6 20. Nd4 Kh8 21. f4 Nd7 22. Bg4 Nf8 23. b5 c5 24. Ne2 Re8 25. Kf2 b6 26. Re1 Rad8 27. Nc3 f5 28. Nd5 Qd7 29. Bf3 Bf7 30. Bh4 Rc8 31. Qc3 Bd8 32. Bxd8 Qxd8 33. Rg1 Be6 34. h3 Rb8 35. g4 fxg4 36. hxg4 Ng6 37. Qd3 Bxd5 38. Bxd5 Qf6 39. Rh1 h6 40. g5 Qe7 41. Rh3 Nf8 42. Rch1 Rbc8 43. gxh6 g6 44. Qc3+ Kh7 45. Rg3 Rc7 46. f5 Ra7 47. fxg6+ Nxg6 48. Rhg1 Ne5 49. Rg7+ Qxg7 50. Rxg7+ Rxg7 51. hxg7 Ng4+ 52. Kf3 Ne5+ 53. Ke2 1-0

[Event "ONJK-C 2019"]
[Site "Borne"]
[Date "2019.08.09"]
[Round "8.10"]
[White "Ang, Rufus"]
[Black "De Putter, Sven"]
[Result "0-1"]
[ECO "D53"]
[WhiteElo "1498"]
[BlackElo "1319"]
[Annotator "NA"]
[PlyCount "54"]
[EventDate "2019.08.05"]
[EventType "swiss"]
[EventCountry "NED"]
[SourceTitle "playchess.com"]
[Source "ChessBase"]
[SourceQuality "1"]
[TimeControl "5400+30"]

1. d4 d5 2. c4 e6 3. Nc3 Nf6 4. Bg5 Be7 5. Nf3 h6 6. Bh4 c5 7. e3 Nc6 8. Be2 O-O 9. O-O b6 10. h3 Bb7 11. Nh2 dxc4 12. Bxc4 cxd4 13. exd4 Qxd4 14. Qxd4 Nxd4 15. Bg3 Rfd8 16. Rfd1 Rac8 17. Bb3 Nxb3 18. axb3 Rxd1+ 19. Rxd1 Rd8 20. Ra1 a6 21. Bc7 Rd2 22. Bxb6 Rxb2 23. Rb1 Rxb1+ 24. Nxb1 Bd6 25. Nc3 Nd5 26. Ne4 Bxh2+ 27. Kxh2 Nxb6 0-1

[Event "ONJK-C 2019"]
[Site "Borne"]
[Date "2019.08.09"]
[Round "8.11"]
[White "Vleming, Annabel"]
[Black "Van Doren, Frodo"]
[Result "0-1"]
[ECO "D46"]
[WhiteElo "1334"]
[BlackElo "1433"]
[Annotator "NA"]
[PlyCount "70"]
[EventDate "2019.08.05"]
[EventType "swiss"]
[EventCountry "NED"]
[SourceTitle "playchess.com"]
[Source "ChessBase"]
[SourceQuality "1"]
[TimeControl "5400+30"]

1. d4 d5 2. c4 c6 3. Nc3 Nf6 4. e3 e6 5. Nf3 Bd6 6. Bd3 O-O 7. O-O Nbd7 8. Nd2 c5 9. cxd5 exd5 10. f3 Qc7 11. f4 a6 12. Nf3 cxd4 13. Nxd4 Nc5 14. Bc2 Bg4 15. Nf3 Rad8 16. h3 Bc8 17. Ng5 h6 18. Nf3 Rfe8 19. Nd4 Ne6 20. Nf5 Bc5 21. Qf3 d4 22. Ne4 Nxe4 23. Bxe4 dxe3 24. Bxe3 Bxe3+ 25. Nxe3 Nd4 26. Qf2 Rxe4 27. f5 Rf4 28. Qd2 Nf3+ 29. Rxf3 Rxd2 30. Raf1 Rxf3 31. Rxf3 Qc1+ 32. Rf1 Qc5 33. Re1 Rd3 34. Kf2 Rd2+ 35. Kf3 Bxf5 0-1

[Event "ONJK-C 2019"]
[Site "Borne"]
[Date "2019.08.09"]
[Round "8.12"]
[White "Knol, Daniel"]
[Black "Yannopapas, Leontios"]
[Result "0-1"]
[ECO "A11"]
[WhiteElo "1622"]
[BlackElo "1428"]
[Annotator "NA"]
[PlyCount "66"]
[EventDate "2019.08.05"]
[EventType "swiss"]
[EventCountry "NED"]
[SourceTitle "playchess.com"]
[Source "ChessBase"]
[SourceQuality "1"]
[TimeControl "5400+30"]

1. Nf3 Nf6 2. c4 c6 3. g3 d5 4. cxd5 cxd5 5. Bg2 Nc6 6. O-O e5 7. d3 Be7 8. Nbd2 O-O 9. e4 dxe4 10. dxe4 Qc7 11. a3 Rd8 12. b4 Bg4 13. Qc2 Rac8 14. Bb2 Bd6 15. Rac1 a6 16. h3 Bxf3 17. Nxf3 Qe7 18. Qe2 Na7 19. Nh4 g6 20. Qe3 Nc6 21. Nf3 Bb8 22. Rfd1 Kg7 23. Qe2 Kg8 24. Nh2 Ba7 25. Ng4 Nd4 26. Nxf6+ Qxf6 27. Bxd4 Bxd4 28. Rc2 Rxc2 29. Qxc2 Qxf2+ 30. Qxf2 Bxf2+ 31. Kxf2 Rxd1 32. Bf1 Ra1 33. Kf3 Rxf1+ 0-1

[Event "ONJK-C 2019"]
[Site "Borne"]
[Date "2019.08.09"]
[Round "8.13"]
[White "De Heij, Mees"]
[Black "Molanus, Florian"]
[Result "1/2-1/2"]
[ECO "B72"]
[WhiteElo "1545"]
[BlackElo "1287"]
[Annotator "NA"]
[PlyCount "42"]
[EventDate "2019.08.05"]
[EventType "swiss"]
[EventCountry "NED"]
[SourceTitle "playchess.com"]
[Source "ChessBase"]
[SourceQuality "1"]
[TimeControl "5400+30"]

1. e4 c5 2. Nf3 d6 3. d4 cxd4 4. Nxd4 Nf6 5. Nc3 g6 6. Bc4 Bg7 7. Be3 Ng4 8. Qf3 O-O 9. Rb1 Nxe3 10. Qxe3 Qb6 11. Nce2 e5 12. Nb5 Qxe3 13. fxe3 Nc6 14. Nxd6 Bh6 15. h3 Bxe3 16. Nxf7 Rxf7 17. Rf1 Nd8 18. Rd1 Be6 19. Rxd8+ Rxd8 20. Bxe6 Bd2+ 21. Kd1 Be3+ 1/2-1/2

[Event "ONJK-C 2019"]
[Site "Borne"]
[Date "2019.08.09"]
[Round "8.14"]
[White "Van der Tuin, Tristan"]
[Black "Alvares, Thomas"]
[Result "0-1"]
[ECO "D02"]
[WhiteElo "1238"]
[BlackElo "1408"]
[Annotator "NA"]
[PlyCount "96"]
[EventDate "2019.08.05"]
[EventType "swiss"]
[EventCountry "NED"]
[SourceTitle "playchess.com"]
[Source "ChessBase"]
[SourceQuality "1"]
[TimeControl "5400+30"]

1. d4 Nf6 2. Nf3 e6 3. Bf4 d5 4. e3 Nc6 5. a3 Bd7 6. Bd3 Bd6 7. Bxd6 cxd6 8. Nbd2 e5 9. dxe5 dxe5 10. e4 O-O 11. O-O Qc7 12. Qe2 d4 13. Bb5 Rfe8 14. Ng5 h6 15. Bxc6 Qxc6 16. Ngf3 Bg4 17. h3 Bh5 18. Rac1 Rac8 19. Nb3 Qxe4 20. Qxe4 Nxe4 21. Rfe1 Bxf3 22. gxf3 Nf6 23. f4 exf4 24. Rxe8+ Rxe8 25. Nxd4 Rd8 26. Nb3 b6 27. a4 Rd5 28. Re1 Kf8 29. Re4 Nxe4 30. Kg2 f3+ 31. Kxf3 Nd2+ 32. Nxd2 Rxd2 33. b4 Rxc2 34. Ke4 Rc4+ 35. Kd5 Rxb4 36. a5 bxa5 37. Kc5 Rb6 38. f4 a4 39. f5 a3 40. f6 a2 41. fxg7+ Kxg7 42. h4 a1=Q 43. h5 Qc3+ 44. Kd5 Kf6 45. Ke4 Qc4+ 46. Kf3 Rb3+ 47. Kf2 Qc2+ 48. Ke1 Rb1# 0-1

[Event "ONJK-C 2019"]
[Site "Borne"]
[Date "2019.08.10"]
[Round "9.1"]
[White "Neisingh, Nils"]
[Black "De Rycke, Tyani"]
[Result "0-1"]
[ECO "B45"]
[WhiteElo "1710"]
[BlackElo "1787"]
[Annotator "NA"]
[PlyCount "64"]
[EventDate "2019.08.05"]
[EventType "swiss"]
[EventCountry "NED"]
[SourceTitle "playchess.com"]
[Source "ChessBase"]
[SourceQuality "1"]
[TimeControl "5400+30"]

1. e4 c5 2. Nf3 e6 3. d4 cxd4 4. Nxd4 Nf6 5. Nc3 Nc6 6. Be3 Bb4 7. Bd3 d5 8. Nxc6 bxc6 9. exd5 Nxd5 10. Bd2 Qa5 11. Nxd5 Bxd2+ 12. Qxd2 Qxd2+ 13. Kxd2 cxd5 14. Rhe1 Ke7 15. b4 Bd7 16. a4 a5 17. b5 Rhb8 18. f4 Kd6 19. Rab1 h6 20. h3 g5 21. Rf1 f5 22. g4 gxf4 23. gxf5 e5 24. Rg1 e4 25. Rg6+ Ke5 26. Bf1 Bxf5 27. Rxh6 e3+ 28. Kd1 f3 29. b6 Rg8 30. b7 Rab8 31. Ra6 Rg1 32. Ke1 Bxh3 0-1

[Event "ONJK-C 2019"]
[Site "Borne"]
[Date "2019.08.10"]
[Round "9.2"]
[White "Klugstedt, Vincent"]
[Black "De Vries, Fabian"]
[Result "1-0"]
[ECO "D13"]
[WhiteElo "1850"]
[BlackElo "1704"]
[Annotator "NA"]
[PlyCount "73"]
[EventDate "2019.08.05"]
[EventType "swiss"]
[EventCountry "NED"]
[SourceTitle "playchess.com"]
[Source "ChessBase"]
[SourceQuality "1"]
[TimeControl "5400+30"]

1. d4 d5 2. c4 c6 3. cxd5 cxd5 4. Nc3 Nc6 5. Bf4 Nf6 6. Nf3 Bg4 7. e3 e6 8. Bd3 Bd6 9. Bg3 O-O 10. O-O Rc8 11. Rc1 a6 12. a3 b5 13. b4 Bxg3 14. hxg3 Nd7 15. Qc2 h6 16. Nd2 f6 17. Bg6 Ne7 18. Bd3 e5 19. Nb3 Be6 20. Nc5 Nxc5 21. dxc5 Nc6 22. Rfd1 d4 23. Be4 Bc4 24. Ne2 Bxe2 25. Qxe2 Qd7 26. Bxc6 Rxc6 27. exd4 exd4 28. Qd3 Rd8 29. Re1 Re6 30. Qb3 Rde8 31. c6 Qc8 32. Rxe6 Rxe6 33. Re1 Kf7 34. c7 Ke7 35. Rxe6+ Qxe6 36. Qxe6+ Kxe6 37. c8=Q+ 1-0

[Event "ONJK-C 2019"]
[Site "Borne"]
[Date "2019.08.10"]
[Round "9.3"]
[White "Smeets, Kobe"]
[Black "De Rooij, Kevin"]
[Result "1/2-1/2"]
[ECO "B45"]
[WhiteElo "1666"]
[BlackElo "1480"]
[Annotator "NA"]
[PlyCount "84"]
[EventDate "2019.08.05"]
[EventType "swiss"]
[EventCountry "NED"]
[SourceTitle "playchess.com"]
[Source "ChessBase"]
[SourceQuality "1"]
[TimeControl "5400+30"]

1. e4 c5 2. Nf3 e6 3. d4 cxd4 4. Nxd4 Nc6 5. Nc3 Nf6 6. g3 Bb4 7. Bg2 d5 8. exd5 Nxd5 9. Nde2 Nxc3 10. Qxd8+ Nxd8 11. Nxc3 O-O 12. Bd2 Bd7 13. O-O-O Bc6 14. Bxc6 Nxc6 15. a3 Ba5 16. Ne4 Bxd2+ 17. Rxd2 Rfd8 18. Nd6 b6 19. Rhd1 Rd7 20. Nc4 Rxd2 21. Rxd2 Rd8 22. Rxd8+ Nxd8 23. Nd6 Kf8 24. Kd2 Nc6 25. Nc4 Ke7 26. f4 h6 27. Ke3 f6 28. Ke4 Kd7 29. c3 Na5 30. Nxa5 bxa5 31. b4 axb4 32. axb4 Kc6 33. c4 a6 34. g4 g5 35. h3 Kd6 36. Kf3 Kc6 37. Ke4 Kb6 38. f5 e5 39. Kd5 Kc7 40. Kc5 Kb7 41. Kd5 Kc7 42. Kc5 Kb7 1/2-1/2

[Event "ONJK-C 2019"]
[Site "Borne"]
[Date "2019.08.10"]
[Round "9.4"]
[White "Den Heijer, Rolinde"]
[Black "Nielsen, Philip"]
[Result "0-1"]
[ECO "B07"]
[WhiteElo "1471"]
[BlackElo "1797"]
[Annotator "NA"]
[PlyCount "142"]
[EventDate "2019.08.05"]
[EventType "swiss"]
[EventCountry "NED"]
[SourceTitle "playchess.com"]
[Source "ChessBase"]
[SourceQuality "1"]
[TimeControl "5400+30"]

1. e4 d6 2. Nf3 Nf6 3. Nc3 g6 4. h3 Bg7 5. Bc4 O-O 6. O-O Nbd7 7. d4 b6 8. Bf4 Bb7 9. Re1 Nxe4 10. Nxe4 d5 11. Bd3 dxe4 12. Bxe4 Bxe4 13. Rxe4 Nf6 14. Re2 e6 15. Qd2 Rc8 16. Bh6 c5 17. Bxg7 Kxg7 18. dxc5 Qxd2 19. Rxd2 Rxc5 20. c3 b5 21. Rad1 a5 22. Rd8 Rxd8 23. Rxd8 b4 24. cxb4 axb4 25. Rd4 Nd5 26. g3 Ra5 27. Kf1 Rxa2 28. Rd2 Nb6 29. b3 Ra3 30. Rb2 Ra1+ 31. Ke2 Rc1 32. Kd2 Rc3 33. Nd4 Nd5 34. Rc2 e5 35. Nc6 Rxb3 36. Nxe5 f6 37. Nd3 Rb1 38. Rb2 Rxb2+ 39. Nxb2 Kf7 40. Kd3 Ke6 41. Kd4 h5 42. f3 Ne7 43. Nd3 b3 44. Nc5+ Kd6 45. Ne4+ Ke6 46. Nc5+ Kf7 47. Kc3 Nf5 48. g4 Nh4 49. f4 Ng2 50. Nd3 hxg4 51. hxg4 Ke6 52. Kxb3 Kd5 53. f5 g5 54. Kc3 Ne3 55. Nf2 Ke5 56. Kd2 Kf4 57. Nd3+ Kf3 58. Ne1+ Ke4 59. Ke2 Nxg4 60. Ng2 Kxf5 61. Kf3 Ne5+ 62. Kg3 Ke4 63. Kf2 f5 64. Kg3 f4+ 65. Kf2 g4 66. Ne1 Nd3+ 67. Nxd3 Kxd3 68. Ke1 g3 69. Kf1 f3 70. Ke1 g2 71. Kf2 Kd2 {[%emt 0:00:09] Ke1+} 0-1

[Event "ONJK-C 2019"]
[Site "Borne"]
[Date "2019.08.10"]
[Round "9.5"]
[White "De Jong, Mats"]
[Black "Arnold, Lorin"]
[Result "0-1"]
[ECO "A84"]
[WhiteElo "1356"]
[BlackElo "1583"]
[Annotator "NA"]
[PlyCount "78"]
[EventDate "2019.08.05"]
[EventType "swiss"]
[EventCountry "NED"]
[SourceTitle "playchess.com"]
[Source "ChessBase"]
[SourceQuality "1"]
[TimeControl "5400+30"]

1. d4 d5 2. c4 e6 3. Nc3 c6 4. Nf3 f5 5. Bf4 Nf6 6. e3 Bd6 7. Bxd6 Qxd6 8. cxd5 exd5 9. Bd3 O-O 10. O-O Ne4 11. Rc1 Nd7 12. a3 Rf6 13. b4 Rh6 14. h3 g5 15. Nh2 Ndf6 16. f3 Nxc3 17. Rxc3 g4 18. f4 gxh3 19. gxh3 Rxh3 20. Kg2 Rxe3 21. Qd2 Re7 22. Nf3 Rg7+ 23. Kf2 Ng4+ 24. Ke1 Re7+ 25. Ne5 Qh6 26. Kd1 Nxe5 27. dxe5 Be6 28. Bc2 Rg7 29. Qf2 Kf7 30. Rg3 Rxg3 31. Qxg3 Rg8 32. Qf3 Rg4 33. Qe3 Rg2 34. Qxa7 Qh5+ 35. Kc1 Rxc2+ 36. Kxc2 Qe2+ 37. Kc3 d4+ 38. Kxd4 Qd2+ 39. Kc5 Qe3+ 0-1

[Event "ONJK-C 2019"]
[Site "Borne"]
[Date "2019.08.10"]
[Round "9.6"]
[White "Wierenga, Jael"]
[Black "Dhaenens, Leon"]
[Result "1-0"]
[ECO "B13"]
[WhiteElo "1469"]
[BlackElo "1583"]
[Annotator "NA"]
[PlyCount "126"]
[EventDate "2019.08.05"]
[EventType "swiss"]
[EventCountry "NED"]
[SourceTitle "playchess.com"]
[Source "ChessBase"]
[SourceQuality "1"]
[TimeControl "5400+30"]

1. d4 Nf6 2. c4 c5 3. e3 cxd4 4. exd4 d5 5. Nf3 g6 6. Nc3 Bg4 7. Be3 Bg7 8. cxd5 Nxd5 9. Qb3 Nb6 10. Bb5+ N8d7 11. Ne5 Be6 12. d5 Bf5 13. g4 O-O 14. Nxf7 Rxf7 15. gxf5 Rxf5 16. O-O-O Rc8 17. Rhe1 Kh8 18. Kb1 Nf6 19. Bf1 Rh5 20. Be2 Rxh2 21. Bf3 Rh3 22. Bg2 Rh4 23. Rh1 Rxh1 24. Rxh1 Ng4 25. Bh3 Qd7 26. Qd1 Rc4 27. Bxb6 axb6 28. f3 Bxc3 29. Bxg4 Qb5 30. Qb3 Qxd5 31. bxc3 Qd3+ 32. Qc2 Qd5 33. Rd1 Qc5 34. Kb2 b5 35. Be6 Ra4 36. Bb3 Rh4 37. Qe2 Rf4 38. Qe6 Rf8 39. Re1 Qf2+ 40. Re2 Qxf3 41. Qxe7 h5 42. Bc2 Rf7 43. Qe8+ Kg7 44. Qxb5 b6 45. Qe5+ Kh7 46. Qe6 Rf6 47. Qe4 Qf1 48. Rg2 Qb5+ 49. Qb4 Qc6 50. Qe7+ Kh6 51. Qd8 Kg7 52. Qe7+ Kh6 53. Qe3+ Kg7 54. Qg5 Re6 55. Bb3 Rf6 56. Re2 Qd6 57. Qe3 Qc6 58. Qe8 Qf3 59. Re5 Rf8 60. Qe7+ Kh8 61. Re3 Qf1 62. Qg5 Qf2+ 63. Bc2 Kh7 1-0

[Event "ONJK-C 2019"]
[Site "Borne"]
[Date "2019.08.10"]
[Round "9.7"]
[White "De Putter, Sven"]
[Black "Kumar, Prajit Sai"]
[Result "1-0"]
[ECO "B52"]
[WhiteElo "1319"]
[BlackElo "1574"]
[Annotator "NA"]
[PlyCount "59"]
[EventDate "2019.08.05"]
[EventType "swiss"]
[EventCountry "NED"]
[SourceTitle "playchess.com"]
[Source "ChessBase"]
[SourceQuality "1"]
[TimeControl "5400+30"]

1. e4 c5 2. Nf3 d6 3. Bb5+ Bd7 4. Bxd7+ Nxd7 5. c4 Ngf6 6. Nc3 g6 7. d4 cxd4 8. Nxd4 Bg7 9. O-O O-O 10. Be3 Rc8 11. b3 Nc5 12. f3 Qd7 13. Qd2 Rfd8 14. Rad1 a6 15. Qc2 e5 16. Nde2 Qc6 17. Nd5 Nxd5 18. Rxd5 Ne6 19. Nc3 b5 20. Rc1 bxc4 21. Ne2 Nc7 22. Rd3 d5 23. exd5 Nxd5 24. Qxc4 Qxc4 25. bxc4 Nxe3 26. Rxe3 Bh6 27. f4 exf4 28. Rf3 Bf8 29. Kf1 Ba3 30. Rxa3 1-0

[Event "ONJK-C 2019"]
[Site "Borne"]
[Date "2019.08.10"]
[Round "9.8"]
[White "Alvares, Thomas"]
[Black "Groen, Jari"]
[Result "0-1"]
[ECO "B33"]
[WhiteElo "1408"]
[BlackElo "1349"]
[Annotator "NA"]
[PlyCount "80"]
[EventDate "2019.08.05"]
[EventType "swiss"]
[EventCountry "NED"]
[SourceTitle "playchess.com"]
[Source "ChessBase"]
[SourceQuality "1"]
[TimeControl "5400+30"]

1. e4 c5 2. Nf3 Nc6 3. d4 cxd4 4. Nxd4 Nf6 5. Nc3 e5 6. Nf3 Bb4 7. Bd2 d6 8. Bc4 O-O 9. Bg5 Bxc3+ 10. bxc3 Qc7 11. Qd3 a6 12. O-O Be6 13. Bb3 Rac8 14. Rfd1 Rfd8 15. Rab1 Na5 16. Bh4 Rd7 17. Bxe6 fxe6 18. Ng5 Qxc3 19. Qe2 Qxc2 20. Qf3 Rc3 21. Qxc3 Qxc3 22. Rbc1 Qxc1 23. Rxc1 Nc6 24. f3 h6 25. Nh3 d5 26. exd5 exd5 27. Nf2 g5 28. Bg3 Nh5 29. Ng4 Nxg3 30. Rxc6 bxc6 31. Nf6+ Kf7 32. Nxd7 Ne2+ 33. Kf2 Ke6 34. Nc5+ Kd6 35. Nxa6 Nc3 36. a3 c5 37. Ke3 c4 38. Nb4 d4+ 39. Kf2 Nd5 40. Nc2 d3 0-1

[Event "ONJK-C 2019"]
[Site "Borne"]
[Date "2019.08.10"]
[Round "9.9"]
[White "Van Doren, Frodo"]
[Black "De Keukelaere, Wouter"]
[Result "1-0"]
[ECO "B13"]
[WhiteElo "1433"]
[BlackElo "1240"]
[Annotator "NA"]
[PlyCount "59"]
[EventDate "2019.08.05"]
[EventType "swiss"]
[EventCountry "NED"]
[SourceTitle "playchess.com"]
[Source "ChessBase"]
[SourceQuality "1"]
[TimeControl "5400+30"]

1. e4 c6 2. d4 d5 3. exd5 cxd5 4. Bd3 Nc6 5. c3 Nf6 6. h3 h6 7. Bf4 e6 8. Nf3 Bd6 9. Bxd6 Qxd6 10. Nbd2 O-O 11. O-O Re8 12. Re1 Bd7 13. Ne5 Rac8 14. f4 Nh7 15. Qh5 Nxe5 16. fxe5 Qe7 17. Rf1 Rf8 18. Rf2 Qg5 19. Qxg5 Nxg5 20. h4 Nh7 21. Raf1 Be8 22. c4 Rd8 23. cxd5 Rxd5 24. Nc4 Bb5 25. Rc2 Rxd4 26. Rd1 Rxh4 27. Nd6 Bc6 28. Ba6 Rb4 29. Bd3 Rd4 30. Bxh7+ {Clock times not correct} 1-0